 Dungeon Crawl Stone Soup version 0.29.1-15-g9cfb28693d (webtiles) character file.

Game seed: 767541724070555972

1943 BuddhaDhamma the Cleaver (level 8, 0/64 HPs)
             Began as a Minotaur Berserker on Mar 20, 2023.
             Was a Priest of Trog.
             Slain by BuddhaDhamma's ghost (4 damage)
             ... on level 7 of the Dungeon.
             The game lasted 00:10:44 (5834 turns).

BuddhaDhamma the Cleaver (Minotaur Berserker)       Turns: 5834, Time: 00:10:44

Health: 0/64       AC: 16    Str: 23    XL:     8   Next: 98%
Magic:  7/7        EV: 11    Int:  4    God:    Trog [***...]
Gold:   407        SH:  0    Dex: 20    Spells: 7/7 levels left

rFire   + . .      SeeInvis .   a - +0 hand axe
rCold   + . .      Faith    .   (no shield)
rNeg    . . .      Spirit   .   r - +0 plate armour
rPois   .          Reflect  .   (helmet restricted)
rElec   .          Harm     .   g - scarf {rC+ rF+}
rCorr   .          Rampage  .   w - +2 pair of gloves {Dex+3}
Will    .....                   e - +1 pair of boots
Stlth   ..........              p - amulet of regeneration
HPRegen 1.00/turn               h - +4 ring of evasion
MPRegen 0.10/turn               A - +6 ring of dexterity

@: lethally poisoned (0 -> -9), on berserk cooldown, slowed, very slow
A: horns 2, retaliatory headbutt
a: Renounce Religion, Berserk, Trog's Hand


You were on level 7 of the Dungeon.
You worshipped Trog.
Trog was most pleased with you.
You visited 1 branch of the dungeon, and saw 7 of its levels.

You collected 407 gold pieces.

Inventory:

Hand Weapons
 a - a +0 hand axe (weapon)
Missiles
 f - 10 poisoned darts (quivered)
Armour
 e - a +1 pair of boots (worn)
 g - a scarf of resistance (worn)
 r - a +0 plate armour (worn)
 w - a +2 pair of gloves of dexterity (worn)
Jewellery
 h - a +4 ring of evasion (left hand)
 i - a ring of magical power
 p - an amulet of regeneration (around neck)
 t - an amulet of guardian spirit
 y - a ring of willpower
 A - a +6 ring of dexterity (right hand)
Wands
 m - a wand of charming (10)
 B - a wand of roots (5)
Scrolls
 b - 3 scrolls of silence
 c - a scroll of fog
 l - a scroll of immolation
 o - 3 scrolls of teleportation
Potions
 d - 2 potions of heal wounds
 j - 4 potions of curing
 k - a potion of resistance {unknown}
 n - a potion of ambrosia {unknown}
 q - a potion of attraction {unknown}
 s - a potion of flight {unknown}
 u - 2 potions of might {unknown}
 v - 2 potions of invisibility {unknown}
 x - a potion of cancellation {unknown}
 z - a potion of brilliance {unknown}


   Skills:
 - Level 3.6 Fighting
 + Level 14.2 Axes
 - Level 2.4 Armour
 - Level 2.1 Dodging


You had 7 spell levels left.
You didn't know any spells.
Your spell library was empty.

Dungeon Overview and Level Annotations

Branches:
Dungeon (7/15)             Temple (0/1) D:7

Altars:
Vehumet

Annotations:
D:7 BuddhaDhamma's ghost, novice MiBe; Sanktem7's ghost, novice MiFi


Innate Abilities, Weirdness & Mutations

You have a pair of horns on your head.
You reflexively headbutt those who attack you in melee.


Message History

Sanktem7's ghost hits you but does no damage.
BuddhaDhamma's ghost hits you.
You are poisoned.
You closely miss Sanktem7's ghost.
You headbutt Sanktem7's ghost, but do no damage.
Sanktem7's ghost is severely damaged.
You barely miss BuddhaDhamma's ghost.
You feel very sick. Sanktem7's ghost hits you. BuddhaDhamma's ghost hits you!
You are more poisoned.
You hit Sanktem7's ghost but do no damage.
Sanktem7's ghost is severely damaged.
You hit BuddhaDhamma's ghost but do no damage.
You feel very sick.
Sanktem7's ghost hits you but does no damage.
BuddhaDhamma's ghost hits you!
* * * LOW HITPOINT WARNING * * *
You hit Sanktem7's ghost but do no damage.
Your headbutt misses Sanktem7's ghost. Your punch misses Sanktem7's ghost.
Sanktem7's ghost is severely damaged.
You barely miss BuddhaDhamma's ghost.
You feel very sick. Sanktem7's ghost hits you.
* * * LOW HITPOINT WARNING * * *
BuddhaDhamma's ghost hits you.
* * * LOW HITPOINT WARNING * * *
You are lethally poisoned!
You hit Sanktem7's ghost but do no damage.
Sanktem7's ghost is severely damaged.
You barely miss BuddhaDhamma's ghost.
* * * LOW HITPOINT WARNING * * *
You feel very sick.
You completely miss Sanktem7's ghost.
Sanktem7's ghost is severely damaged.
You barely miss BuddhaDhamma's ghost.
* * * LOW HITPOINT WARNING * * *
You feel very sick.
Sanktem7's ghost hits you but does no damage.
BuddhaDhamma's ghost hits you.
You die...

.#.##.##......##.# #.........#
.#.......)....##.###.#########
....#.##..........##.#
.##.#.....######..##.#
......##.....##...#..#######
.>.##....###.##..##........#
......#.......#.:.#........#
.##.#.#....................#
....#...........@..........#
.##....#...####'WW####.....#
...~##.#...#♣.......♣#.....#
#.#.~....###⌠.......⌠#.....#
..#...##.###♣.......♣#.....#
.........#.#$.......!#.<...#
...#...###.##8.....8###.#.##
######.###..##.♣⌠♣(##.....#
######..##...#######....###


You could see BuddhaDhamma's ghost and Sanktem7's ghost.

Vanquished Creatures
  Prince Ribbit (D:5)
  2 water moccasins
  An acid dragon (D:6)
  A sky beast (D:7)
  3 black bears (D:4)
  A phantom (D:4)
  3 centaurs
  3 bullfrogs (D:7)
  A necrophage (D:7)
  A scorpion (D:5)
  A jelly (D:7)
  2 hounds
  An orc priest (D:6)
  3 iguanas
  8 adders
  4 gnolls (D:3)
  3 shadow imps (D:7)
  2 white imps (D:6)
  2 worms (D:2)
  3 dart slugs
  9 orcs
  5 ball pythons
  7 bats
  6 endoplasms
  3 giant cockroaches
  7 goblins
  5 hobgoblins
  5 jackals (D:1)
  3 kobolds
  2 quokkas
  4 frilled lizards
  2 rats (D:2)
104 creatures vanquished.

Vanquished Creatures (others)
  A withered plant (D:2)
1 creature vanquished.

Grand Total: 105 creatures vanquished

Notes
Turn   | Place    | Note
-------+----------+-------------------------------------------
     0 | D:1      | BuddhaDhamma the Minotaur Berserker began the quest for the
                  | Orb.
     0 | D:1      | Reached XP level 1. HP: 19/19 MP: 0/0
   131 | D:1      | Reached skill level 4 in Axes
   216 | D:1      | Reached XP level 2. HP: 24/26 MP: 1/1
   799 | D:1      | Reached skill level 5 in Axes
   964 | D:2      | Reached XP level 3. HP: 31/31 MP: 2/2
  1009 | D:2      | Reached ** piety under Trog
  1041 | D:2      | Found a faded altar of an unknown god.
  1472 | D:2      | Reached XP level 4. HP: 39/39 MP: 3/3
  1795 | D:3      | Reached skill level 6 in Axes
  2043 | D:3      | Identified the +0 ring mail of Ru's Supremacy {*Slow Regen+
                  | Int+8}
  2735 | D:3      | Reached XP level 5. HP: 45/45 MP: 4/4
  2878 | D:4      | Reached skill level 7 in Axes
  2944 | D:4      | Noticed a black bear
  2946 | D:4      | Noticed a black bear
  2957 | D:4      | Killed a black bear
  2958 | D:4      | Reached skill level 8 in Axes
  2960 | D:4      | Killed a black bear
  2961 | D:4      | Reached XP level 6. HP: 51/51 MP: 5/5
  3010 | D:4      | Reached skill level 9 in Axes
  3313 | D:4      | Reached XP level 7. HP: 57/57 MP: 6/6
  3707 | D:5      | Entered Level 5 of the Dungeon
  3743 | D:5      | Noticed Prince Ribbit
  3757 | D:5      | Killed Prince Ribbit
  3758 | D:5      | Reached skill level 10 in Axes
  3792 | D:5      | Reached skill level 11 in Axes
  3846 | D:5      | Reached *** piety under Trog
  3859 | D:5      | Reached XP level 8. HP: 54/64 MP: 7/7
  4534 | D:6      | Reached skill level 12 in Axes
  5460 | D:7      | Reached skill level 13 in Axes
  5498 | D:7      | Found a runed translucent gate.
  5498 | D:7      | Found a runed translucent gate.
  5498 | D:7      | Found a runed translucent gate.
  5499 | D:7      | Noticed BuddhaDhamma's ghost (novice MiBe)
  5499 | D:7      | Noticed Sanktem7's ghost (novice MiFi)
  5523 | D:7      | Found a staircase to the Ecumenical Temple.
  5541 | D:7      | Reached skill level 14 in Axes
  5595 | D:7      | Found a radiant altar of Vehumet.
  5834 | D:7      | Slain by BuddhaDhamma's ghost

Illustrated notes

Levels and vault maps discovered:
D:1:      minmay_arrival_checkered_box, layout_loops_ring
D:2:      layout_loops_ring, ebering_ecumenical_altar_petrified
D:3:      layout_basic, kennysheep_generic_room_2
D:4:      layout_basic
D:5:      layout_basic, uniq_prince_ribbit1
D:6:      layout_loops_ring
D:7:      layout_basic, vehumet_crystals, minmay_temple_entry_ruins,
          gammafunk_ghost_cemetery

Skill      XL: |  1  2  3  4  5  6  7  8 |
---------------+-------------------------+-----
Axes           | 4 5 6 8 9 11 14 | 14.2
Fighting       | |  3.6
Armour         | |  2.4
Dodging        | |  2.1

Action                   |  1- 3 |  4- 6 |  7- 9 || total
-------------------------+-------+-------+-------++-------
Melee: Hand axe          |    76 |    87 |   190 ||   353
       Headbutt          |    10 |    16 |    30 ||    56
       Punch             |       |     1 |     2 ||     3
Throw: Dart              |       |    23 |    15 ||    38
Invok: Berserk           |       |     1 |     1 ||     2
  Use: Scroll            |       |       |    13 ||    13
Armor: Animal skin       |     1 |       |       ||     1
       Ring mail         |     8 |       |       ||     8
       Chain mail        |    11 |    40 |    18 ||    69
       Plate armour      |       |       |    62 ||    62
Dodge: Dodged            |    36 |    29 |    70 ||   135
